 Dungeon Crawl Stone Soup version 0.30-a0-390-g80c34de65d (webtiles) character file.

Game seed: 14741676635527981337

16723 cowcol the Cleaver (level 12, -15/103 HPs)
             Began as a Black Draconian Berserker on Dec 4, 2022.
             Was an Elder of Trog.
             Demolished by a catoblepas (18 damage)
             ... on level 4 of the Lair of Beasts.
             The game lasted 00:51:53 (16206 turns).

cowcol the Cleaver (Black Draconian Berserker)     Turns: 16206, Time: 00:51:54

Health: -15/103    AC: 11    Str: 29    XL:     12   Next: 12%
Magic:  12/12      EV: 14    Int:  7    God:    Trog [****..]
Gold:   870        SH:  0    Dex: 13    Spells: 11/11 levels left

rFire   + . .      SeeInvis .    Z - +2 battleaxe (flame)
rCold   . . .      Faith    .    (shield currently unavailable)
rNeg    . . .      Spirit   .    (body armour unavailable)
rPois   .          Reflect  .    l - +1 hat
rElec   +          Harm     .    (no cloak)
rCorr   .          Rampage  +    m - +0 pair of gloves
Will    .....                    q - +0 pair of boots {rampage}
Stlth   +++.......               (no amulet)
HPRegen 0.37/turn                E - ring of protection from fire
MPRegen 0.13/turn                V - +6 ring of strength

@: no status effects
A: breathe lightning, AC +8, unfitting armour, electricity resistance,
cold-blooded
a: Breathe Lightning, Renounce Religion, Berserk, Trog's Hand, Brothers in Arms


You were on level 4 of the Lair of Beasts.
You worshipped Trog.
Trog was greatly pleased with you.
You visited 2 branches of the dungeon, and saw 13 of its levels.

You collected 870 gold pieces.

Inventory:

Hand Weapons
 a - a +0 hand axe
 b - a +0 club
 f - a +0 whip
 i - a +0 mace
 u - a +2 spear of venom
 v - a +3 vorpal halberd
 A - the +6 war axe of Okawaru's Delight {freeze, rN+++ Str-5 Int+3 SInv}
   (You found it on level 5 of the Dungeon)

   It freezes those it strikes, dealing additional cold damage.
   It can also slow down cold-blooded creatures.
   Str:       It affects your strength (-5).
   Int:       It affects your intelligence (+3).
   rN:        It renders you almost immune to negative energy.
   SInv:      It lets you see invisible.
 N - a +0 long sword
 O - a +3 war axe of protection
 Z - a +2 battleaxe of flaming (weapon)
Missiles
 j - 3 boomerangs
 s - 34 poisoned darts (quivered)
 t - 5 curare-tipped darts
 I - 3 throwing nets
 T - 3 boomerangs of dispersal
 X - 6 javelins
Armour
 l - a +1 hat (worn)
 m - a +0 pair of gloves (worn)
 q - a +0 pair of boots of rampaging (worn)
Jewellery
 e - a ring of protection from fire
 E - a ring of protection from fire (left hand)
 F - an amulet of magic regeneration
 H - a ring of fire
 R - a ring of ice
 V - a +6 ring of strength (right hand)
 Y - a +4 ring of protection
Wands
 G - a wand of polymorph (11)
 K - a wand of acid (13)
 L - a wand of roots (11)
 M - a wand of flame (19)
Scrolls
 c - a scroll of butterflies
 g - a scroll of blinking {unknown}
 h - a scroll of fear
 o - 2 scrolls of magic mapping
 y - a scroll of torment
 D - a scroll of silence
 Q - a scroll of vulnerability
Potions
 d - 2 potions of invisibility {unknown}
 k - a potion of flight
 n - 3 potions of might
 p - 2 potions of heal wounds {unknown}
 r - 3 potions of brilliance {unknown}
 x - 4 potions of cancellation
 z - 2 potions of curing
 B - 2 potions of berserk rage {unknown}
 C - 2 potions of attraction {unknown}
 J - 3 potions of mutation {unknown}
 U - 2 potions of lignification {unknown}


   Skills:
 + Level 8.8 Fighting
 + Level 12.9(14.2) Axes
 + Level 1.6(8.4) Maces & Flails
 * Level 9.4(12.4) Polearms
 + Level 3.8 Throwing
 + Level 6.9 Dodging
 + Level 5.1 Stealth


You had 11 spell levels left.
You didn't know any spells.
Your spell library was empty.

Dungeon Overview and Level Annotations

Branches:
Dungeon (9/15)             Temple (0/1) D:6            Lair (4/5) D:9
  Swamp (0/4) Lair:2       Spider (0/4) Lair:2
  Slime: Lair:4-5       Orc: D:9-12

Altars:
Ashenzari
Cheibriados
Elyvilon
Fedhas
Hepliaklqana
Trog
Uskayaw
Wu Jian
Zin
The Shining One


Innate Abilities, Weirdness & Mutations

You can breathe wild blasts of lightning.
Your glossy black scales are hard. (AC +8)
You cannot fit into any form of body armour.
You are resistant to electric shocks. (rElec)
You are cold-blooded and may be slowed by cold attacks.


Message History

You are engulfed in calcifying dust.
Your surroundings seem slightly different.
Found a potion of flight.
Something bites the bush.
Something bites the bush but does no damage. x2
Something bites the bush! x2
Something bites the bush but does no damage.
Something bites the bush.
Something bites the bush! x3
The catoblepas breathes a plume of calcifying dust at you.
The blast of calcifying dust hits you.
You are engulfed in calcifying dust. x2
The catoblepas gores you but does no damage.
You are engulfed in calcifying dust.
The catoblepas gores you but does no damage.
You are engulfed in calcifying dust.
You have got your breath back.
The catoblepas breathes a plume of calcifying dust at you.
The blast of calcifying dust hits you but does no damage.
The catoblepas gores you but does no damage.
The catoblepas gores you!!
* * * LOW HITPOINT WARNING * * *
The catoblepas gores you!!
* * * LOW HITPOINT WARNING * * *
You turn to flesh and can move again.
You fail to use your ability.
The catoblepas barely misses you.
You fail to use your ability.
The catoblepas breathes a plume of calcifying dust at you.
The blast of calcifying dust hits you but does no damage.
Unknown command.
The catoblepas barely misses you.
Okay, then.
You feel better.
The catoblepas gores you but does no damage.
The catoblepas attacks as you move away!
The catoblepas gores you!
* * * LOW HITPOINT WARNING * * *
You don't know any spells.
Okay, then.
The catoblepas attacks as you move away!
The catoblepas gores you!!
You die...

##### ##
##..P##+P###.#
##...P.§.....#
##....@Y......+
#.#............#
#.......>....##
##...........#
#...<†......#
#.###+..#..## #!
.....P# ##
......# .....#


You could see a catoblepas.

Vanquished Creatures
  A hydra (D:9)
  A bog body (Lair:2)
  A wizard (D:9)
  Pikel (D:5)
  A manticore (D:9)
  6 elephants
  2 black mambas (Lair:1)
  7 cane toads
  3 komodo dragons
  A rime drake (Lair:1)
  A polar bear (Lair:3)
  5 blink frogs (Lair:3)
  3 culicivoras (Lair:2)
  5 wyverns
  5 yaks (Lair:1)
  3 basilisks
  A steam dragon (D:9)
  5 water moccasins
  An orc warrior (D:9)
  4 black bears
  A hornet zombie (D:7)
  An ice beast (D:5)
  2 ogres (D:5)
  4 wolves (Lair:1)
  2 centaurs
  A phantom (D:5)
  2 lemures (D:5)
  4 scorpions
  2 kobold brigands (D:8)
  9 bullfrogs
  4 gnoll sergeants
  3 necrophages
  5 wights
  13 killer bees
  A howler monkey (D:5)
  2 electric eels (D:7)
  A crimson imp (D:9)
  2 centaur zombies (D:7)
  A bullfrog zombie (D:7)
  4 hounds
  Crazy Yiuf (D:7)
  An orc priest (D:9)
  A jelly (D:6)
  Natasha (thrice) (D:2)
  7 iguanas
  2 orc wizards
  A killer bee zombie (D:7)
  30 gnolls
  7 adders
  A white imp (D:7)
  2 ufetubi (D:5)
  3 worms
  A dart slug (D:1)
  17 orcs
  6 endoplasms
  2 giant cockroaches (D:2)
  5 goblins
  6 hobgoblins
  3 quokkas
  3 ball pythons
  12 bats
  A frilled lizard (D:1)
  13 kobolds
  8 rats
257 creatures vanquished.

Vanquished Creatures (others)
  5 fungi
  21 plants
  9 withered plants (D:7)
35 creatures vanquished.

Grand Total: 292 creatures vanquished

Notes
Turn   | Place    | Note
-------+----------+-------------------------------------------
     0 | D:1      | cowcol the Draconian Berserker began the quest for the Orb.
     0 | D:1      | Reached XP level 1. HP: 19/19 MP: 1/1
   310 | D:1      | Reached XP level 2. HP: 26/26 MP: 2/2
  1022 | D:2      | Noticed Natasha
  1030 | D:2      | Killed Natasha
  1031 | D:2      | Reached XP level 3. HP: 20/33 MP: 3/3
  1051 | D:2      | Noticed Natasha
  1059 | D:2      | Killed Natasha
  1060 | D:2      | Reached skill level 4 in Axes
  1060 | D:2      | Reached XP level 4. HP: 38/40 MP: 4/4
  1148 | D:2      | Reached skill level 1 in Stealth
  1152 | D:2      | Reached ** piety under Trog
  1570 | D:2      | Noticed Natasha
  1573 | D:2      | Killed Natasha
  1839 | D:2      | Reached XP level 5. HP: 28/46 MP: 5/5
  2353 | D:3      | Found a bloodstained altar of Trog.
  2408 | D:3      | Identified a scroll of acquirement
  2527 | D:3      | Acquired a +0 pair of boots of rampaging
  3425 | D:4      | Reached skill level 5 in Axes
  3425 | D:4      | Reached XP level 6. HP: 45/52 MP: 6/6
  3491 | D:4      | Found a broken altar of Ashenzari.
  3742 | D:4      | Reached skill level 1 in Polearms
  4032 | D:5      | Entered Level 5 of the Dungeon
  4054 | D:5      | Noticed an ice beast
  4056 | D:5      | Identified the +6 war axe of Okawaru's Delight {freeze,
                  | rN+++ Str-5 Int+3 SInv}
  4067 | D:5      | Killed an ice beast
  4148 | D:5      | Noticed Pikel
  4167 | D:5      | Killed Pikel
  4168 | D:5      | Your scales start taking on a glossy black colour.
  4168 | D:5      | Reached XP level 7. HP: 21/60 MP: 7/7
  4168 | D:5      | Gained mutation: You are resistant to electric shocks.
                  | (rElec) [Black Draconian growth]
  4441 | D:5      | Reached *** piety under Trog
  4442 | D:5      | Reached XP level 8. HP: 67/67 MP: 8/8
  4459 | D:5      | Reached skill level 5 in Fighting
  4498 | D:5      | Reached skill level 6 in Axes
  4614 | D:5      | Reached skill level 5 in Polearms
  4809 | D:5      | Found a hide-covered altar of Uskayaw.
  5230 | D:6      | Found a staircase to the Ecumenical Temple.
  5247 | D:6      | Reached skill level 7 in Axes
  5309 | D:6      | Found a snail-covered altar of Cheibriados.
  5419 | D:6      | Found a blossoming altar of Fedhas.
  5581 | D:6      | Reached XP level 9. HP: 75/75 MP: 9/9
  6071 | D:7      | Reached skill level 8 in Axes
  6629 | D:7      | Found a runed translucent door.
  6630 | D:7      | Noticed Crazy Yiuf
  6635 | D:7      | Killed Crazy Yiuf
  7102 | D:7      | Found a white marble altar of Elyvilon.
  7224 | D:7      | Found a glowing silver altar of Zin.
  7462 | D:8      | Found a glowing golden altar of the Shining One.
  7462 | D:8      | Found a hazy altar of Hepliaklqana.
  7462 | D:8      | Found an ornate altar of the Wu Jian Council.
  7477 | D:8      | Reached skill level 9 in Axes
  7477 | D:8      | Reached skill level 1 in Throwing
  8522 | D:8      | Reached skill level 5 in Dodging
  8943 | D:9      | Reached XP level 10. HP: 72/84 MP: 10/10
  9206 | D:9      | Reached skill level 10 in Axes
  9418 | D:9      | Noticed a four-headed hydra
  9429 | D:9      | Killed a four-headed hydra
 10025 | D:9      | Noticed a manticore
 10039 | D:9      | Killed a manticore
 10126 | D:9      | Found a staircase to the Lair.
 10565 | D:8      | Reached skill level 1 in Maces & Flails
 10781 | D:9      | Noticed a wizard
 10823 | D:9      | Killed a wizard
 11077 | D:9      | Reached skill level 11 in Axes
 11125 | Lair:1   | Entered Level 1 of the Lair of Beasts
 11154 | Lair:1   | Noticed a black mamba
 11176 | Lair:1   | Killed a black mamba
 11349 | Lair:1   | Noticed a cane toad
 11355 | Lair:1   | Noticed a cane toad
 11359 | Lair:1   | Killed a cane toad
 11364 | Lair:1   | Killed a cane toad
 11365 | Lair:1   | Reached XP level 11. HP: 81/92 MP: 11/11
 11625 | Lair:1   | Reached **** piety under Trog
 12228 | Lair:1   | Reached skill level 12 in Axes
 12632 | Lair:2   | Found a staircase to the Swamp.
 12632 | Lair:2   | Noticed a bog body
 12644 | Lair:2   | Killed a bog body
 13449 | Lair:2   | Found a hole to the Spider Nest.
 13729 | Lair:2   | Reached skill level 5 in Stealth
 15309 | Lair:3   | Reached XP level 12. HP: 80/103 MP: 12/12
 15968 | Lair:3   | Identified the +9 rapier of Mandamus {drain, Dex+5 Stlth+}
 16167 | Lair:4   | Noticed a catoblepas
 16205 | Lair:4   | HP: 3/103 [catoblepas (17)]
 16206 | Lair:4   | Demolished by a catoblepas

Illustrated notes

Levels and vault maps discovered:
D:1:      sevenhm_arrival_forest_fort_large_4, layout_basic,
          minmay_misc_feat_iff
D:2:      layout_rooms, uniq_natasha
D:3:      layout_basic, mainiacjoe_overflow_boulevard, roderic_batcave
D:4:      layout_cave_pools, amcnicky_altar_gilded, amcnicky_mini_pool_small,
          minmay_misc_feat_square
D:5:      layout_loops_corners, nicolae_uskayaw_murder_on_the_dancefloor,
          minmay_misc_feat_enclosed, uniq_pikel
D:6:      layout_gridville, nicolae_overflow_crystal_walls, lemuel_round_altar,
          minmay_temple_entry_glass
D:7:      layout_basic, mainiacjoe_overflow_tiny_flanked,
          nicolae_elyvilon_temple_path, serial_undead, serial_undead_b,
          serial_undead_b, serial_undead_b, serial_undead_c, serial_undead_e,
          corner_web_ring, wad_woods_river_04, minmay_misc_feat_five,
          uniq_crazy_yiuf_cottage
D:8:      layout_basic, grunt_temple_overflow_open
D:9:      layout_cave_pools, david_lair_shrubbed, minivault_20,
          lightli_wizard_tower
Lair:1:   layout_big_grid
Lair:2:   layout_regular_city, skrybe_swamp_entry_bodies,
          hellmonk_spider_entry_life_and_decay, grunt_megastairs_1,
          serial_bayou_shore_b
Lair:3:   layout_chaotic_city, grunt_forest_small_clearings, grunt_megastairs_3,
          infiniplex_staircase_pool_2, serial_bayou_shore_b, lemuel_fruit_tree
Lair:4:   layout_roguey, minmay_slime_entry_oklob_open

Skill      XL: |  1  2  3  4  5  6  7  8  9 10 11 |
---------------+----------------------------------+-----
Dodging        | 3 4 5 6 |  6.9
Axes           | 4 5 7 9 11 12 | 12.9
Stealth        | 1 2 3 4 5 |  5.1
Fighting       | 4 5 6 7 8 |  8.8
Polearms       | 4 5 6 8 9 |  9.4
Throwing       | 1 2 3 |  3.8
Maces & Flails | 1 |  1.6

Action                   |  1- 3 |  4- 6 |  7- 9 | 10-12 || total
-------------------------+-------+-------+-------+-------++-------
Melee: Hand axe          |    60 |   132 |       |       ||   192
       Tailslap          |     5 |    21 |    27 |    48 ||   101
       Halberd           |       |    40 |       |       ||    40
       War axe           |       |    18 |   223 |   254 ||   495
       Punch             |       |       |     1 |     5 ||     6
       Mace              |       |       |       |     8 ||     8
       Battleaxe         |       |       |       |    17 ||    17
Throw: Boomerang         |       |    16 |    11 |    27 ||    54
       Dart              |       |       |       |    23 ||    23
Invok: Berserk           |     1 |     3 |     9 |    14 ||    27
       Trog's Hand       |       |       |       |     1 ||     1
 Abil: Breathe Lightning |       |       |     3 |     7 ||    10
  Use: Potion            |     2 |       |       |     3 ||     5
       Scroll            |       |     7 |     4 |    10 ||    21
 Stab: Sleeping          |     2 |     5 |     5 |       ||    12
       Distracted        |       |     1 |       |     1 ||     2
Armor: Skin              |    25 |    65 |    78 |   134 ||   302
Dodge: Dodged            |    54 |   154 |   146 |   248 ||   602

Table legend: (Time is in decaauts)
 A = Elapsed time spent in this place.
 B = Non-inter-level travel time spent in this place.
 C = Inter-level travel time spent in this place.
 D = Time resting spent in this place.
 E = Time spent auto-exploring this place.
 F = Levels seen in this place.
 G = Mean time per level.
                   A        B        C        D        E       F      G
               +--------+--------+--------+--------+--------+-----+--------+
         Total |  16524 |  16288 |    236 |   6541 |   5847 |  13 | 1271.1 |
       Dungeon |  11401 |  11221 |    180 |   4099 |   4792 |   9 | 1266.8 |
          Lair |   5122 |   5066 |     56 |   2442 |   1054 |   4 | 1280.5 |
               +--------+--------+--------+--------+--------+-----+--------+

Top non-repeatable levels by time:
  Lair:2: 2196 daAuts
     D:8: 2121 daAuts
  Lair:1: 1844 daAuts
     D:7: 1771 daAuts
     D:9: 1663 daAuts
     D:3: 1222 daAuts
     D:5: 1203 daAuts
  Lair:3: 1043 daAuts
     D:2: 995 daAuts
     D:1: 986 daAuts
     D:4: 910 daAuts
     D:6: 528 daAuts
  Lair:4: 38 daAuts
